 Dungeon Crawl Stone Soup version 0.19-a0-1189-g9dc3488 (webtiles) character file.

47645 Kugarra the Thaumaturge (level 14, -6/84 HPs)
             Began as a Deep Elf Conjurer on Aug 19, 2016.
             Was an Elder of Vehumet.
             Mangled by an eight-headed hydra (10 damage)
             ... on level 6 of the Lair of Beasts.
             The game lasted 03:13:10 (26105 turns).

Kugarra the Thaumaturge (Deep Elf Conjurer)        Turns: 26105, Time: 03:13:11

Health: -6/84      AC:  8    Str:  5    XL:     14   Next: 9%
Magic:  0/34       EV: 16    Int: 26    God:    Vehumet [****..]
Gold:   1248       SH:  0    Dex: 15    Spells: 9 memorised, 13 levels left

rFire  . . .     SeeInvis .     l - +5 short sword
rCold  . . .     Gourm    .     v - +1 leather armour
rNeg   . . .     Faith    .     (no shield)
rPois  +         Spirit   +     y - +0 helmet
rElec  .         Dismiss  .     a - +0 cloak
rCorr  .         Reflect  .     (no gloves)
MR     +....     Harm     .     (no boots)
Stlth  ++........               q - amulet of guardian spirit
                                i - +4 ring of slaying
                                H - ring "Venwax" {rPois Stlth+}

@: repel missiles
A: poison resistance
a: Renounce Religion


You were on level 6 of the Lair of Beasts.
You worshipped Vehumet.
Vehumet was greatly pleased with you.
You were not hungry.

You visited 3 branches of the dungeon, and saw 16 of its levels.
You also visited: Labyrinth.

You collected 1248 gold pieces.

Inventory:

Hand Weapons
 e - a +1 antimagic dagger
 l - a +5 short sword (weapon)
Armour
 a - a +0 cloak (worn)
 v - a +1 leather armour (worn)
 y - a +0 helmet (worn)
Jewellery
 i - a +4 ring of slaying (right hand)
 q - an amulet of guardian spirit (around neck)
 A - an uncursed ring of ice
 H - the ring "Venwax" (left hand) {rPois Stlth+}
   (You found it on level 8 of the Dungeon)

   [ring of poison resistance]

   It protects you from poison.
   It makes you more stealthy.
 P - a +3 ring of protection
 Q - the amulet "Foatsylaj" {Harm *Drain rElec Int+3 Dex-3 SInv}
   (You found it in a labyrinth)

   [amulet of harm]

   It increases damage dealt and taken.
   It affects your intelligence (+3).
   It affects your dexterity (-3).
   It insulates you from electricity.
   It lets you see invisible.
   It causes draining when unequipped.
Wands
 j - a wand of polymorph (12/24)
 r - a wand of digging (7/24)
 s - a wand of slowing (28/48)
 z - a wand of confusion (35/48)
 I - a wand of confusion (48/48)
Scrolls
 o - 8 scrolls of remove curse
 w - 2 scrolls of fear
 B - a scroll of immolation {unknown}
 F - 5 scrolls of enchant weapon
 Z - a scroll of blinking
Potions
 d - 2 potions of lignification
 g - 2 potions of ambrosia
 h - 3 potions of curing
 k - a potion of invisibility
 n - 6 potions of flight
 t - 2 potions of brilliance
 u - 3 potions of resistance
 D - a potion of haste
 E - 2 potions of agility
 O - a potion of cure mutation
 R - a potion of berserk rage
 Y - a potion of might
Books
 b - a book of Conjurations

   Spells                             Type                      Level
   a - Magic Dart                     Conjuration                  1
   b - Searing Ray                    Conjuration                  2
   c - Dazzling Spray                 Conjuration/Hexes            3
   d - Fulminant Prism                Conjuration/Hexes            4
   e - Iskenderun's Mystic Blast      Conjuration                  4
   f - Iskenderun's Battlesphere      Conjuration/Charms           5
 m - a book of Ice

   Spells                             Type                      Level
   a - Ice Form                       Ice/Transmutation            4
   b - Metabolic Englaciation         Hexes/Ice                    5
   c - Ozocubu's Refrigeration        Ice                          6
   d - Bolt of Cold                   Conjuration/Ice              6
   e - Freezing Cloud                 Conjuration/Ice/Air          6
   f - Simulacrum                     Ice/Necromancy               6
 p - a book of Annihilations

   Spells                             Type                      Level
   a - Poison Arrow                   Conjuration/Poison           6
   b - Chain Lightning                Conjuration/Air              8
   c - Lehudib's Crystal Spear        Conjuration/Earth            8
   d - Glaciate                       Conjuration/Ice              9
   e - Fire Storm                     Conjuration/Fire             9
 x - a book of Minor Magic

   Spells                             Type                      Level
   a - Magic Dart                     Conjuration                  1
   b - Blink                          Translocation                2
   c - Call Imp                       Summoning                    2
   d - Repel Missiles                 Charms/Air                   2
   e - Slow                           Hexes                        2
   f - Conjure Flame                  Conjuration/Fire             3
   g - Mephitic Cloud                 Conjuration/Poison/Air       3
 G - a book of Misfortune

   Spells                             Type                      Level
   a - Confusing Touch                Hexes                        1
   b - Confuse                        Hexes                        3
   c - Gell's Gravitas                Hexes/Translocation          3
   d - Petrify                        Transmutation/Earth          4
   e - Metabolic Englaciation         Hexes/Ice                    5
   f - Yara's Violent Unravelling     Hexes/Transmutation          5
 L - a book of Debilitation

   Spells                             Type                      Level
   a - Corona                         Hexes                        1
   b - Slow                           Hexes                        2
   c - Gell's Gravitas                Hexes/Translocation          3
   d - Inner Flame                    Hexes/Fire                   3
   e - Cause Fear                     Hexes                        4
   f - Leda's Liquefaction            Hexes/Earth                  4
Comestibles
 c - 10 bread rations
 C - 5 fruits
 S - 5 meat rations


   Skills:
 - Level 8.1 Fighting
 - Level 9.0 Armour
 - Level 8.1 Dodging
 - Level 2.4 Stealth
 - Level 14.8 Spellcasting
 + Level 14.4 Conjurations
 - Level 3.1 Hexes
 - Level 6.5 Charms
 - Level 2.4 Summonings
 - Level 4.0 Translocations
 + Level 3.8 Fire Magic
 - Level 2.0 Air Magic


You had 13 spell levels left.
You knew the following spells:

 Your Spells              Type           Power        Failure   Level  Hunger
a - Magic Dart            Conj           ####         0%          1    None
b - Searing Ray           Conj           ######       0%          2    None
c - Iskenderun's Mystic   Conj           #######.     1%          4    None
d - Iskenderun's Battles  Conj/Chrm      ######..     1%          5    #......
e - Repel Missiles        Chrm/Air       #####.       1%          2    None
f - Blink                 Tloc           N/A          1%          2    None
g - Slow                  Hex            #####...     1%          2    None
h - Call Imp              Summ           ####....     2%          2    None
i - Fire Storm            Conj/Fire      ######....   100%        9    #######


Dungeon Overview and Level Annotations

Branches:
Dungeon (9/15)             Temple (1/1) D:6            Lair (6/6) D:9
 Shoals (0/4) Lair:3        Snake (0/4) Lair:3        Slime (0/5) Lair:5
    Orc: D:9-12

Altars:
Ashenzari
Cheibriados
Dithmenos
Elyvilon
Fedhas
Gozag
Hepliaklqana
Kikubaaqudgha
Makhleb
Nemelex Xobeh
Okawaru
Qazlal
Ru
Sif Muna
Trog
Uskayaw
Vehumet
Xom
Yredelemnul
Zin
The Shining One
Jiyva

Shops:
D:6 }

Annotations:
D:3 kaze's ghost, amateur TeCj
Lair:5 1 runed door


Innate Abilities, Weirdness & Mutations

Your system is resistant to poisons. (rPois)


Message History

The eight-headed hydra closely misses you.
The eight-headed hydra barely misses you. x3
The eight-headed hydra bites you but does no damage.
The eight-headed hydra closely misses you.
The eight-headed hydra bites you!
* * * LOW HITPOINT WARNING * * *
The sea snake bites you but does no damage.
Casting: Blink
Confirm with . or Enter, or press ? or * to list all spells.
You don't have enough magic to cast that spell.
Okay, then.
As you read the scroll of fear, it crumbles to dust.
You assume a fearsome visage.
The polar bear looks frightened!
The sea snake resists with some effort.
The sea snake looks frightened!
The spiny frog looks frightened!
The eight-headed hydra resists with almost no effort.
The eight-headed hydra misses you. The eight-headed hydra bites you.
* * * LOW HITPOINT WARNING * * *
The eight-headed hydra bites you!
You die...

##......≈##≈#≈#≈.≈≈≈ $≈≈≈≈
#......≈##≈≈≈≈≈# ≈≈≈≈#
##.....≈≈≈≈≈≈≈≈# ≈≈≈≈#
##......≈≈≈≈≈≈≈# #≈≈ #
#......≈≈≈P#≈≈≈# #
###....†≈#≈###########.####
#P...≈†≈≈≈≈≈≈≈≈≈≈≈≈≈≈≈≈≈P
##...≈≈h≈≈§≈≈≈≈≈≈≈≈≈≈≈≈≈≈
###..##@≈##≈≈≈≈≈≈##≈≈≈#≈
#.≈##DS##≈≈##≈≈##≈≈##†
##..≈SF≈...≈≈...≈≈.≈≈.≈
#.#..≈.................
#####..................
#.#.#............†.
#######............
###.P........ ###........


You could see an eight-headed hydra, 2 sea snakes, a polar bear (fleeing) and a
spiny frog (fleeing).

Vanquished Creatures
  A minotaur (Lab)
  Erolcha (D:9)
  6 hydras
  A merfolk avatar (Lair:6)
  Urug (Lair:5)
  A fire crab (Lair:6)
  A sea snake (Lair:6)
  Pikel (D:6)
  A griffon (Lair:6)
  15 elephants
  5 black mambas
  Joseph (D:8)
  A molten gargoyle (Lair:5)
  10 spiny frogs
  3 rime drakes (Lair:6)
  7 komodo dragons
  2 trolls (D:8)
  3 polar bears
  A minotaur zombie (Lab)
  A merfolk (D:8)
  2 two-headed ogres (D:8)
  2 blink frogs (Lair:4)
  3 wind drakes (Lair:6)
  A spriggan (D:9)
  3 redbacks (Lab)
  8 wyverns
  A shadow (Lab)
  33 yaks
  4 fire bats (Lair:5)
  2 basilisks
  A steam dragon (D:9)
  11 hippogriffs
  4 hungry ghosts (Lab)
  3 nagas (Lair:3)
  21 water moccasins
  11 porcupines
  Duvessa (D:7)
  2 orc warriors
  4 sky beasts
  3 wasps (Lair:6)
  A phantom (D:8)
  3 ice beasts
  A slave (D:6)
  10 black bears (D:8)
  3 ogres
  3 wolves (Lair:4)
  10 centaurs
  12 crocodiles
  5 big kobolds
  19 giant frogs
  A gnoll sergeant (D:8)
  Dowan (D:7)
  5 scorpions
  4 killer bees (D:7)
  13 electric eels
  3 howler monkeys
  4 lava snakes (Lab)
  A centaur zombie (D:7)
  9 crimson imps
  2 quasits
  9 hounds
  Crazy Yiuf (D:6)
  A giant frog zombie (D:8)
  3 jellies
  7 orc priests
  3 gnoll shamans (D:8)
  A centaur skeleton (D:4)
  5 giant frog skeletons
  14 iguanas
  8 orc wizards
  8 hell rats
  5 worker ants
  A statue (D:7)
  5 sheep (D:8)
  A hound zombie (D:8)
  A hound skeleton (D:4)
  A mummy (D:7)
  17 adders
  35 river rats
  3 shadow imps
  2 adder zombies
  3 adder skeletons
  2 worms (D:4)
  3 dart slugs
  7 giant geckos
  47 orcs
  3 giant cockroaches
  10 goblins
  11 hobgoblins
  20 jackals
  19 kobolds
  10 quokkas
  3 ball pythons
  13 bats
  4 giant newts
  2 jackal zombies
  2 quokka skeletons
  A quokka zombie (D:5)
  13 rats
  2 fungi (Lair:5)
599 creatures vanquished.

Vanquished Creatures (others)
  A fire vortex (Lair:5)
  9 fungi
  57 plants
67 creatures vanquished.

Grand Total: 666 creatures vanquished

Notes
Turn   | Place    | Note
-------+----------+-------------------------------------------
     0 | D:1      | Kugarra the Deep Elf Conjurer began the quest for the Orb.
     0 | D:1      | Reached XP level 1. HP: 10/10 MP: 6/6
   245 | D:1      | Reached XP level 2. HP: 15/15 MP: 0/8
   422 | D:1      | Reached skill level 5 in Conjurations
   523 | D:1      | Learned a level 2 spell: Searing Ray
  1059 | D:2      | Reached XP level 3. HP: 19/19 MP: 5/9
  1822 | D:2      | Reached XP level 4. HP: 22/24 MP: 2/11
  2457 | D:3      | Learned a level 4 spell: Iskenderun's Mystic Blast
  2527 | D:3      | Found a glowing golden altar of the Shining One.
  2527 | D:3      | Noticed kaze's ghost (amateur TeCj)
  3331 | D:2      | Reached XP level 5. HP: 28/28 MP: 10/13
  3408 | D:3      | Found a bloodstained altar of Trog.
  3408 | D:3      | Found a stormy altar of Qazlal.
  3629 | D:4      | Found a glowing silver altar of Zin.
  3629 | D:4      | Noticed an angel
  3715 | D:4      | Reached XP level 6. HP: 32/32 MP: 4/15
  3823 | D:4      | Found a shattered altar of Ashenzari.
  3843 | D:4      | Reached skill level 5 in Spellcasting
  4031 | D:4      | Learned a level 5 spell: Iskenderun's Battlesphere
  4247 | D:4      | Reached skill level 1 in Charms
  4530 | D:4      | Reached XP level 7. HP: 15/36 MP: 13/16
  4998 | D:5      | Entered Level 5 of the Dungeon
  5182 | D:5      | Noticed a yak
  5197 | D:5      | Killed a yak
  5417 | D:5      | Noticed a yak
  5541 | D:5      | Noticed a yak
  5542 | D:5      | Noticed a yak
  5875 | D:4      | Killed a yak
  6216 | D:5      | Reached XP level 8. HP: 36/41 MP: 10/17
  6221 | D:5      | Reached skill level 5 in Charms
  6475 | D:5      | Reached skill level 10 in Conjurations
  7262 | D:5      | Found a snail-covered altar of Cheibriados.
  7280 | D:5      | Learned a level 2 spell: Repel Missiles
  7283 | D:5      | Learned a level 2 spell: Blink
  7286 | D:5      | Learned a level 2 spell: Slow
  7289 | D:5      | Learned a level 2 spell: Call Imp
  7652 | D:6      | Found a staircase to the Ecumenical Temple.
  7659 | Temple   | Entered the Ecumenical Temple
  7883 | D:6      | Found Suymakh's Gadget Emporium.
  7943 | D:6      | Reached XP level 9. HP: 31/45 MP: 12/23
  8710 | D:6      | Noticed Pikel
  8751 | D:6      | Killed Pikel
  8751 | D:6      | Reached skill level 10 in Spellcasting
  9228 | D:6      | Found a runed door.
  9233 | D:6      | Noticed Crazy Yiuf
  9234 | D:6      | Killed Crazy Yiuf
  9396 | D:7      | Found a radiant altar of Vehumet.
  9591 | D:7      | Noticed Dowan
  9593 | D:7      | Noticed Duvessa
  9596 | D:7      | Killed Duvessa
  9611 | D:7      | Killed Dowan
 10061 | D:7      | Reached XP level 10. HP: 49/50 MP: 7/27
 10738 | D:7      | Became a worshipper of Vehumet
 10799 | D:8      | Reached skill level 1 in Hexes
 11097 | D:8      | Reached skill level 1 in Air Magic
 11233 | D:8      | Noticed Joseph
 11241 | D:8      | Killed Joseph
 11373 | D:8      | Found a white marble altar of Elyvilon.
 11388 | D:8      | Reached * piety under Vehumet
 11388 | D:8      | Offered knowledge of Sting by Vehumet.
 11406 | D:8      | Reached skill level 1 in Translocations
 11909 | D:8      | Reached skill level 1 in Summonings
 12098 | D:8      | Got a flickering tin ring
 12503 | D:8      | Reached XP level 11. HP: 54/54 MP: 17/30
 12755 | D:8      | Offered knowledge of Shock by Vehumet.
 12778 | D:8      | Reached ** piety under Vehumet
 13579 | D:8      | Offered knowledge of Throw Flame by Vehumet.
 14327 | D:9      | Noticed Erolcha
 15077 | D:9      | Identified the ring "Venwax" {rPois Stlth+} (You found it on level 8 of the Dungeon)
 15138 | D:9      | Reached *** piety under Vehumet
 15428 | D:9      | Offered knowledge of Ignite Poison by Vehumet.
 15441 | D:9      | Found a staircase to the Lair.
 15722 | D:9      | Killed Erolcha
 15823 | D:9      | Reached **** piety under Vehumet
 15949 | Lair:1   | Entered Level 1 of the Lair of Beasts
 15973 | Lair:1   | Reached skill level 1 in Fighting
 16370 | Lair:1   | Found a labyrinth entrance.
 16380 | Lab      | Entered a labyrinth
 16544 | Lab      | Offered knowledge of Lee's Rapid Deconstruction by Vehumet.
 16607 | Lab      | Reached skill level 5 in Dodging
 16757 | Lab      | Noticed a minotaur
 16764 | Lab      | Killed a minotaur
 16764 | Lab      | Reached XP level 12. HP: 64/64 MP: 14/32
 17063 | Lab      | Got a pitted copper amulet
 17069 | Lab      | Identified the amulet "Foatsylaj" {Harm *Drain rElec Int+3 Dex-3 SInv} (You found it in a labyrinth)
 17664 | Lair:1   | Reached ***** piety under Vehumet
 17742 | Lair:1   | Offered knowledge of Bolt of Cold by Vehumet.
 18075 | Lair:1   | Noticed a five-headed hydra
 18083 | Lair:1   | Killed a five-headed hydra
 18496 | Lair:2   | Reached skill level 5 in Fighting
 19000 | Lair:2   | Gained mutation: Your system is resistant to poisons. (rPois) [potion of mutation]
 19000 | Lair:2   | Gained mutation: Your magical capacity is low. (-10% MP) [potion of mutation]
 19000 | Lair:2   | Lost mutation: Your magical capacity is low. (-10% MP) [potion of mutation]
 19687 | Lair:3   | Noticed a four-headed hydra
 19759 | Lair:3   | Killed a four-headed hydra
 19930 | Lair:3   | Found a staircase to the Shoals.
 20252 | Lair:3   | Noticed a five-headed hydra
 20256 | Lair:3   | Killed a five-headed hydra
 20321 | Lair:3   | Found a staircase to the Snake Pit.
 20382 | Lair:3   | Reached skill level 1 in Armour
 20551 | Lair:3   | Reached XP level 13. HP: 78/78 MP: 16/33
 20862 | Lair:4   | Identified the Catalogue of Shifting Weightlessness
 21703 | Lair:5   | Noticed Urug
 21711 | Lair:5   | Killed Urug
 21723 | Lair:5   | Reached skill level 5 in Armour
 22613 | Lair:5   | Found a runed door.
 22613 | Lair:5   | Found a viscous altar of Jiyva.
 22614 | Lair:5   | Noticed an acid blob
 22936 | Lair:5   | Found a staircase to the Slime Pits.
 23355 | Lair:6   | Entered Level 6 of the Lair of Beasts
 25058 | Lair:6   | Learned a level 9 spell: Fire Storm
 25222 | Lair:6   | Reached skill level 1 in Fire Magic
 25765 | Lair:6   | Reached XP level 14. HP: 84/84 MP: 18/34
 26105 | Lair:6   | HP: 4/84 [eight-headed hydra (3)]
 26105 | Lair:6   | Mangled by an eight-headed hydra

Vault maps used:
D:1:      minmay_arrival_stair_chambers
D:3:      gammafunk_temple_overflow_wave, tso_metal_star
D:4:      zin_angel, ashenzari_altar_1, first_bread, serial_bayou_pond_a
D:5:      kennysheep_slug_shrine
D:6:      serial_shops, shop, minmay_misc_feat_pillars, uniq_pikel,
          uniq_crazy_yiuf_cottage
D:7:      vehumet_statue, gup_ossuary_entry_pyramid, uniq_duvessa
D:8:      kennysheep_town, uniq_joseph
D:9:      erik_lair_dragon, the_bakery, uniq_erolcha
Temple:   eino_temple_rhombus
Lair:1:   kennysheep_abandoned_house, lab_entry_generic, serial_bayou_shore_a,
          lemuel_fruit_fields
Lair:2:   cheibrodos_lair_caveside_slide
Lair:3:   shoals_dummy_entry, minmay_snake_entry_guardpost_small
Lair:4:   serial_bayou_pond_e, grunt_megastairs_2, serial_bayou_shore_b
Lair:5:   slime_altar_2, uniq_urug
Lair:6:   gammafunk_lair_ancient_temple, lemuel_fruit_tree, lemuel_fruit_fields
Lab:      labyrinth_hidden_loot, nicolae_lab_arrow, nicolae_lab_diamond,
          lab_hedge, nicolae_lab_statue, nicolae_lab_swirl,
          labyrinth_skeletal_remains, lab_fountain, labyrinth_lava_lair,
          nicolae_lab_lava, nicolae_lab_dead_end

Skill      XL: |  1  2  3  4  5  6  7  8  9 10 11 12 13 14 |
---------------+-------------------------------------------+-----
Conjurations   | 5 6 7 8 9 10 12 14 | 14.4
Spellcasting   | 4 5 8 11 13 14 | 14.8
Charms         | 2 4 6 |  6.5
Hexes          | 3 |  3.1
Air Magic      | 2 |  2.0
Translocations | 4 |  4.0
Summonings     | 2 |  2.4
Dodging        | 5 8 |  8.1
Fighting       | 3 8 |  8.1
Armour         | 2 9 |  9.0
Fire Magic     | 2 3 |  3.8
Stealth        | |  2.4

Action                   |  1- 3 |  4- 6 |  7- 9 | 10-12 | 13-15 || total
-------------------------+-------+-------+-------+-------+-------++-------
Melee: Dagger            |    18 |     8 |       |       |       ||    26
       Short sword       |       |    25 |   145 |    67 |    17 ||   254
Throw: Javelin           |       |       |       |     1 |       ||     1
 Cast: Magic Dart        |    75 |   122 |   108 |   441 |   230 ||   976
       Searing Ray       |     1 |     6 |    12 |       |       ||    19
       Iskenderun's Myst |       |     5 |    60 |   119 |    89 ||   273
       Iskenderun's Batt |       |       |       |   118 |    67 ||   185
       Blink             |       |       |       |    20 |    23 ||    43
       Slow              |       |       |       |     7 |    10 ||    17
       Repel Missiles    |       |       |       |     3 |     1 ||     4
  Use: Scroll            |       |     5 |     6 |    14 |    10 ||    35
       Potion            |       |       |     1 |     4 |     2 ||     7
 Stab: Sleeping          |     1 |     1 |     1 |     2 |       ||     5
  Eat: Chunk             |     1 |     8 |     5 |    16 |     6 ||    36
       Beef jerky        |     1 |       |     2 |     1 |     2 ||     6
       Pizza             |       |     1 |     1 |     2 |       ||     4
       Bread ration      |       |       |     1 |     1 |     1 ||     3
       Meat ration       |       |       |     1 |       |       ||     1
       Fruit             |       |       |       |    11 |     6 ||    17
       Royal jelly       |       |       |       |     2 |       ||     2
Armor: Robe              |    15 |     8 |     5 |       |       ||    28
       Leather armour    |       |       |    26 |    25 |    27 ||    78
Dodge: Dodged            |    24 |    42 |   112 |   107 |    84 ||   369
       Deflected         |       |       |       |     4 |     2 ||     6
